 Dungeon Crawl Stone Soup version 0.30-a0-860-g512cf1e979 (webtiles) character file.

Game seed: 6965997544777711779

72 MacCMillion the Chopper (level 4, 39/39 HPs)
             Began as a Minotaur Fighter on Mar 8, 2023.
             Was a Believer of Wu Jian.
             Quit the game on level 2 of the Dungeon.
             The game lasted 00:04:05 (1567 turns).

MacCMillion the Chopper (Minotaur Fighter)          Turns: 1567, Time: 00:04:05

Health: 39/39      AC:  9    Str: 23    XL:     4   Next: 6%
Magic:  3/3        EV:  7    Int:  5    God:    Wu Jian [**....]
Gold:   199        SH:  4    Dex:  9    Spells: 3/3 levels left

rFire   . . .      SeeInvis .    a - +0 war axe
rCold   . . .      Faith    .    c - +0 buckler
rNeg    . . .      Spirit   .    j - +0 chain mail
rPois   .          Reflect  .    (helmet restricted)
rElec   .          Rampage  .    (no cloak)
rCorr   .                        (no gloves)
Will    .....                    (no boots) Stlth
                                 (no amulet)
HPRegen 0.26/turn                (no ring)
MPRegen 0.08/turn                (no ring)

@: no status effects
A: horns 2, retaliatory headbutt
a: Renounce Religion, Wall Jump


You were on level 2 of the Dungeon.
You worshipped Wu Jian.
Wu Jian was pleased with you.
You visited 1 branch of the dungeon, and saw 2 of its levels.

You collected 199 gold pieces.

Inventory:

Hand Weapons
 a - a +0 war axe (weapon)
Missiles
 h - 4 atropa-tipped darts (quivered)
Armour
 b - a +0 scale mail
 c - a +0 buckler (worn)
 f - a +0 kite shield
 j - a +0 chain mail (worn)
Jewellery
 l - a +6 ring of strength
Wands
 n - a wand of quicksilver (13)
Scrolls
 e - 9 scrolls of identify {unknown}
 g - 2 scrolls of vulnerability {unknown}
 o - a scroll of enchant armour {unknown}
Potions
 d - a potion of might
 i - a potion of mutation {unknown}
 k - a potion of degeneration {unknown}
 m - a potion of curing {unknown}
 p - a potion of brilliance {unknown}
 q - a potion of ambrosia {unknown}


   Skills:
 - Level 3.6 Fighting
 + Level 5.0 Axes
 - Level 3.7 Armour
 - Level 4.0 Shields


You had 3 spell levels left.
You didn't know any spells.
Your spell library was empty.

Dungeon Overview and Level Annotations

Branches:
Dungeon (2/15)

Altars:
Wu Jian


Innate Abilities, Weirdness & Mutations

You have a pair of horns on your head.
You reflexively headbutt those who attack you in melee.


Message History

You kill the endoplasm!
The Council accepts your kill.
You have reached level 4!
You feel stronger.
e - 9 scrolls labelled NULATHR DIYSO (gained 1)
Found a robe.
You see here a +0 robe.
A jackal comes into view.
Found a scroll labelled VYG MIXUHESTA.
A jackal comes into view.
The jackal barks!
A jackal comes into view.
Unknown command.
The jackal barks!
You closely miss the jackal.
You headbutt the jackal, but do no damage.
The jackal bites you. The jackal closely misses you.
You slash the jackal!
You kill the jackal!
The Council accepts your kill.
Your Axes skill increases to level 5!
You slash the jackal!
You kill the jackal!
The Council accepts your kill. The jackal bites you.
You hit the jackal.
The jackal is severely wounded.
You block the jackal's attack. The jackal barely misses you.
You furiously retaliate!
You headbutt the jackal!
You kill the jackal!
The Council accepts your kill.
Things that are here:
a jackal corpse; a jackal corpse
g - 2 scrolls labelled VYG MIXUHESTA (gained 1)
You now have 188 gold pieces (gained 17).
You now have 199 gold pieces (gained 11).
Things that are here:
a jackal corpse; a jackal corpse Done exploring.
Are you sure you want to abandon this character and quit the game? (Confirm with "yes".)

######.........########
...............'.....>#
######.........######.#
#.........# #.#
######.........# #.#
.....+.........# #.#
.##..#.........# #.#
.##..#.........### #.#
.##.<#..........@# #.#
.....#.#.#######.# #.#
.....#.#.# #.# #.#
.##..#.#.# #.# #.#
.....#.#.# #.# #.#
.......#.#### #.# #.#
######......# #.# #.#
†...........# #.# #.#
#######..⌠..# #.# #.#


There were no monsters in sight!

Vanquished Creatures
  2 adders (D:2)
  A worm (D:2)
  A dart slug (D:2)
  5 endoplasms
  3 giant cockroaches
  5 goblins
  3 hobgoblins
  3 jackals (D:2)
  3 quokkas
  3 ball pythons
  8 bats
  2 frilled lizards
  2 kobolds (D:1)
  4 rats
45 creatures vanquished.

Notes
Turn   | Place    | Note
-------+----------+-------------------------------------------
     0 | D:1      | MacCMillion the Minotaur Fighter began the quest for the
                  | Orb.
     0 | D:1      | Reached XP level 1. HP: 19/19 MP: 0/0
   219 | D:1      | Reached skill level 3 in Axes
   219 | D:1      | Reached XP level 2. HP: 25/26 MP: 1/1
   239 | D:1      | Found a faded altar of an unknown god.
   258 | D:1      | Prayed at the altar of an unknown god.
   258 | D:1      | Became a worshipper of the Wu Jian Council
   258 | D:1      | Reached * piety under Wu Jian
   814 | D:2      | Reached XP level 3. HP: 31/31 MP: 2/2
   823 | D:2      | Reached skill level 4 in Axes
  1075 | D:2      | Reached ** piety under Wu Jian
  1352 | D:2      | Reached XP level 4. HP: 39/39 MP: 3/3
  1453 | D:2      | Reached skill level 5 in Axes
  1567 | D:2      | Quit the game

Illustrated notes

Levels and vault maps discovered:
D:1:      dpeg_arrival_three_same_balls, layout_basic, basic_ecumenical_altar,
          minmay_pentomino_s4
D:2:      layout_basic, dreamdust_wishing_well, amcnicky_mini_corridor_feature

Skill      XL: |  1  2  3  4 |
---------------+-------------+-----
Axes           | 3 4 5 |  5.0
Shields        | 4 |  4.0
Fighting       | |  3.6
Armour         | |  3.7

Action                     |  1- 3 |  4- 6 || total
---------------------------+-------+-------++-------
  Melee: War axe           |   105 |     4 ||   109
         Headbutt          |    11 |     1 ||    12
Ability: Lunge             |    10 |       ||    10
 Armour: Scale mail        |    24 |       ||    24
         Chain mail        |    25 |       ||    25
  Dodge: Dodged            |    43 |     2 ||    45
  Block: Buckler           |    22 |     1 ||    23

Table legend: (Time is in decaauts)
 A = Elapsed time spent in this place.
 B = Non-inter-level travel time spent in this place.
 C = Inter-level travel time spent in this place.
 D = Time resting spent in this place.
 E = Time spent auto-exploring this place.
 F = Levels seen in this place.
 G = Mean time per level.
                   A        B        C        D        E       F      G
               +--------+--------+--------+--------+--------+-----+--------+
         Total |   1603 |   1582 |     21 |     33 |   1183 |   2 |  801.5 |
       Dungeon |   1603 |   1582 |     21 |     33 |   1183 |   2 |  801.5 |
               +--------+--------+--------+--------+--------+-----+--------+

Top non-repeatable levels by time:
     D:2: 888 daAuts
     D:1: 714 daAuts
